 Dungeon Crawl Stone Soup version 0.28-a0-1159-g27aa881441 (webtiles) character file.

Game seed: 16772112732589515645

30 spaghetti the Sneak (level 3, -19/31 HPs)
             Began as a Ghoul Delver on Dec 16, 2021.
             Demolished by an ogre (26 damage)
             ... on level 5 of the Dungeon.
             The game lasted 00:01:10 (342 turns).

spaghetti the Sneak (Ghoul Delver)                   Turns: 342, Time: 00:01:10

Health: -19/31     AC:  3    Str: 17    XL:     3   Next: 20%
Magic:  2/2        EV: 11    Int:  5    God:
Gold:   6          SH:  0    Dex: 10    Spells: 2/2 levels left

rFire   . . .      SeeInvis .   (no weapon)
rCold   + . .      Faith    .   (no shield)
rNeg    + + +      Spirit   .   b - +0 leather armour
rPois   ∞          Reflect  .   (no helmet)
rElec   .          Harm     .   (no cloak)
rCorr   .          Rampage  .   (no gloves)
Will    .....                   (no boots)
Stlth   +++.......              (no amulet)
HPRegen 0.00/turn               (no ring)
MPRegen 0.08/turn               (no ring)

@: inhibited regen, hasted, very quick
A: claws 1, cold resistance 1, negative energy resistance 3, inhibited
regeneration, torment resistance 2
a: no special abilities


You were on level 5 of the Dungeon.
You visited 1 branch of the dungeon, and saw 3 of its levels.

You collected 6 gold pieces.


Innate Abilities, Weirdness & Mutations

You thrive by killing the living.
You are immune to poison.
You have sharp fingernails.
Your flesh is cold resistant. (rC+)
You are immune to negative energy. (rN+++)
You do not regenerate when monsters are visible.
You are immune to unholy pain and torment.


   Skills:
 - Level 3.2 Fighting
 - Level 1.7 Short Blades
 - Level 1.7 Dodging
 + Level 6.6 Stealth


You had 2 spell levels left.
You didn't know any spells.
Your spell library was empty.

Inventory:

Hand Weapons
 a - a +0 short sword {short}
Armour
 b - a +0 leather armour (worn)
 h - a +0 plate armour
   (You found it on level 6 of the Dungeon)
Jewellery
 i - a ring of wizardry
   (You found it on level 6 of the Dungeon)
Wands
 g - a wand of digging (3)
Scrolls
 c - a scroll of fog
 d - a scroll of magic mapping {!r}

Dungeon Overview and Level Annotations

Branches:
Dungeon (6/15)
 Temple: D:4-7

Altars:
Gozag

#..♣ ♣.♣..♣.
###..♣♣.....♣
..
#........_..
..
#.#..♣♣.)...
..# #.#..♣..♣
#.##...♣
#.###.......
#.#####...##
#.Z@OZ>....Z
############


You could see an ogre, a scorpion zombie and a bullfrog skeleton.


Message History

You regained 4 hp, and now have 11/31 hp.
Your mp is fully restored (2).
You are now empty-clawed.
Unknown command.
You now have 6 gold pieces.
You start resting.
A steam dragon comes into view. 😮 HP[+9]
You regained 9 hp, and now have 20/31 hp.
The steam dragon hisses angrily. 😮 HP[+1]
You see here a +0 plate armour.
h - a +0 plate armour The steam dragon breathes steam at you.
The ball of steam misses you. The steam dragon breathes steam at you.
The ball of steam misses you. 😮 HP[+1]
Found an escape hatch in the ceiling.
You see here a +1 dagger of holy wrath {short}.
You see here a ring of wizardry.
i - a ring of wizardry The steam dragon breathes steam at you.
The ball of steam misses you.
There is an escape hatch in the ceiling here.
You are engulfed in a cloud of scalding steam.
The steam dragon breathes steam at you. The ball of steam hits you!
* * * LOW HITPOINT WARNING * * *
A mysterious force pulls you upwards. The hatch slams shut behind you.
Found an opulent altar of Gozag. 😱 HP[-18]
You take 18 damage, and now have 4/31 hp.
MASSIVE DAMAGE!! (PAUSE) Unknown command.
You start resting.
A scorpion zombie is nearby! 😨 HP[+5]
You regained 5 hp, and now have 9/31 hp.
A bullfrog skeleton comes into view.
A dart slug comes into view.
Really attack while wielding nothing? [Y]es or [N]o only, please.
Really attack while wielding nothing? [Y]es or [N]o only, please.
Really attack while wielding nothing? [Y]es or [N]o only, please.
Really attack while wielding nothing?
The helpless dart slug fails to defend itself.
You scratch the dart slug. The dart slug launches a dart at you.
The slug dart hits you.
* * * LOW HITPOINT WARNING * * *
😨 HP[-1]
You take 1 damage, and now have 8/31 hp.
Unknown command.
You scratch the dart slug but do no damage.
You scratch the dart slug. The dart slug barely misses you.
You scratch the dart slug but do no damage.
The dart slug barely misses you.
You scratch the dart slug but do no damage.
The dart slug launches a dart at you. The slug dart hits you.
* * * LOW HITPOINT WARNING * * *
😱 HP[-2]
You take 2 damage, and now have 6/31 hp.
Unknown command.
You scratch the dart slug. You scratch the dart slug.
The dart slug barely misses you.
You scratch the dart slug.
You kill the dart slug!
You start resting.
A scorpion zombie is nearby! 😨 HP[+9]
You regained 9 hp, and now have 15/31 hp.
Unknown command.
A scorpion zombie is nearby!
An ogre comes into view. It is wielding a +0 giant club.
Found an escape hatch in the floor.
The ogre shouts!
You scratch the ogre. The ogre barely misses you.
As you read the scroll of fear, it crumbles to dust.
You assume a fearsome visage.
The scorpion zombie is unaffected.
The bullfrog skeleton is unaffected.
The ogre looks frightened!
The ogre nearly stumbles in trying to escape.
Unknown command.
You scratch the scorpion zombie but do no damage.
The scorpion zombie hits you.
* * * LOW HITPOINT WARNING * * *
Cornered, the ogre turns to fight! 😨 HP[-1]
You take 1 damage, and now have 14/31 hp.
Unknown command.
You feel yourself speed up. The scorpion zombie hits you!
* * * LOW HITPOINT WARNING * * *
The ogre hits you with a +0 giant club!!
Ouch! That really hurt!
You die...

Skill      XL: |  1 |
---------------+----+-----
Stealth        | 6 |  6.6
Fighting       | |  3.2
Short Blades   | |  1.7
Dodging        | |  1.7

Action                   || total
-------------------------++-------
Melee: Short sword       ||    11
       Unarmed           ||    10
  Use: Scroll            ||     1
       Potion            ||     1
 Stab: Sleeping          ||     1
Dodge: Dodged            ||    18

Levels and vault maps discovered:
D:4:      layout_basic, hellmonk_ghost_happy_afterlife
D:5:      layout_basic, mainiacjoe_overflow_small_starburst,
          minmay_temple_entry_overgrown
D:6:      layout_loops_ring, columned_hall_lemuel, kennysheep_generic_room_15

Notes
Turn   | Place    | Note
-------+----------+-------------------------------------------
     0 | D:5      | spaghetti the Ghoul Delver began the quest for the Orb.
     0 | D:5      | Reached XP level 1. HP: 19/19 MP: 0/0
     0 | D:5      | magus.rc [v1.9.6]
    33 | D:4      | You fall into a shaft and drop 2 floors!
    36 | D:6      | Noticed a bullfrog
    56 | D:6      | Reached skill level 6 in Stealth
    56 | D:6      | Reached XP level 2. HP: 9/26 MP: 1/1
    56 | D:6      | Reached XP level 3. HP: 11/31 MP: 2/2
   143 | D:6      | Noticed a steam dragon
   186 | D:6      | HP: 4/31 [steam dragon/ball of steam (13)]
   187 | D:5      | Found an opulent altar of Gozag.
   245 | D:5      | HP: 6/31 [dart slug/slug dart (2)]
   336 | D:5      | Noticed an ogre
   342 | D:5      | HP: 7/31 [scorpion zombie (7)]
   342 | D:5      | Demolished by an ogre

Vanquished Creatures
  A bullfrog skeleton (D:6)
  A dart slug (D:5)
2 creatures vanquished.

Table legend:
 A = Non-vault XP
 B = Vault XP
 C = Vault XP percentage of total XP
 D = Non-vault monster count
 E = Vault monster count
 F = Vault count percentage of total count
                 A         B        C        D         E       F
            +---------+---------+-------+---------+---------+-------
      Total |      44 |       0 |   0.0 |       2 |       0 |   0.0
            +---------+---------+-------+---------+---------+-------
        D:5 |       4 |       0 |   0.0 |       1 |       0 |   0.0
        D:6 |      40 |       0 |   0.0 |       1 |       0 |   0.0
            +---------+---------+-------+---------+---------+-------

Illustrated notes

Table legend:
 A = Kills in this place as a percentage of kills in entire the game.
 B = Kills by you in this place as a percentage of kills by you in the entire game.
 C = Kills by friends in this place as a percentage of kills by friends in the entire game.
 D = Other kills in this place as a percentage of other kills in the entire game.
 E = Experience gained in this place as a percentage of experience gained in the entire game.
 F = Experience gained in this place divided by the number of levels of this place that you have seen.
                   A       B       C       D       E      F
               +-------+-------+-------+-------+-------+----------------------
         Total | 100.0 | 100.0 |   N/A |   N/A | 100.0 |  14.7
       Dungeon | 100.0 | 100.0 |   N/A |   N/A | 100.0 |  14.7
               +-------+-------+-------+-------+-------+----------------------

Table legend: (Time is in decaauts)
 A = Elapsed time spent in this place.
 B = Non-inter-level travel time spent in this place.
 C = Inter-level travel time spent in this place.
 D = Time resting spent in this place.
 E = Time spent auto-exploring this place.
 F = Levels seen in this place.
 G = Mean time per level.
                   A        B        C        D        E       F      G
               +--------+--------+--------+--------+--------+-----+--------+
         Total |    341 |    341 |      0 |    217 |     26 |   3 |  113.7 |
       Dungeon |    341 |    341 |      0 |    217 |     26 |   3 |  113.7 |
               +--------+--------+--------+--------+--------+-----+--------+

Top non-repeatable levels by time:
     D:5: 178 daAuts
     D:6: 153 daAuts
     D:4: 9 daAuts
